 Dungeon Crawl Stone Soup version 0.30-a0-137-gd8773701ce (webtiles) character file.

Game seed: 10202346643692285883

1 Leeroy the Firebug (level 1, 12/12 (19) HPs)
             Began as a Meteoran Cinder Acolyte on Sept 21, 2022.
             Was a High Priest of Ignis.
             Got out of the dungeon alive.
             The game lasted 00:00:37 (614 turns).

Leeroy the Firebug (Meteoran Cinder Acolyte)         Turns: 614, Time: 00:00:38

HP:   12/12 (19)    AC:  2    Str: 15    XL:     1   Next: 28%
MP:   3/3           EV: 11    Int: 15    God:    Ignis [*****.]
Gold: 0             SH:  0    Dex:  9    Spells: 2/2 levels left

rFire   + . .      SeeInvis .    a - -1 falchion (flame)
rCold   . . .      Faith    .    (no shield)
rNeg    . . .      Spirit   .    b - +0 robe
rPois   .          Reflect  .    (no helmet)
rElec   .          Harm     .    (no cloak)
rCorr   .          Rampage  .    (no gloves)
Will    .....                    (no boots)
Stlth   +.........               (no amulet)
HPRegen 0.04/turn                (no ring)
MPRegen 0.08/turn                (no ring)

@: glowing, very heavily drained
A: sense surroundings 1, otherworldly, glowing, explore regen
a: Renounce Religion, Fiery Armour, Foxfire Swarm, Rising Flame


You escaped.
You worshipped Ignis.
Ignis was extremely pleased with you.
You visited 1 branch of the dungeon, and saw 1 of its levels.

Inventory:

Hand Weapons
 a - a -1 falchion of flaming (weapon)
Armour
 b - a +0 robe (worn)


   Skills:
 + Level 3.2 Fighting
 + Level 3.6 Long Blades
 + Level 0.2 Stealth
 + Level 1.3 Spellcasting
 + Level 3.6 Fire Magic


You had 2 spell levels left.
You didn't know any spells.
Your spell library contained the following spells:

 Spells                   Type           Power      Damage    Failure   Level
 Scorch                   Fire           22%        2d6       9%          2


Dungeon Overview and Level Annotations

Branches:
Dungeon (1/15) Zot: 185

Altars:


Innate Abilities, Weirdness & Mutations

You passively map a small area around you.
You are easily found by Zot.
You glow in the dark.
You regain HP and MP as you explore.


Message History

Found a staircase leading out of the dungeon.
Char dumped successfully.
Unknown command.
You open the door.
There is an open door here.
You start waiting.
Done waiting.
You start waiting.
Done waiting.
You start waiting.
Done waiting.
You start waiting.
Done waiting.
You start waiting.
You have lingered too long.
Zot senses you.
Dive deeper or flee this branch before you suffer!
Really rest while Zot is near? [Y]es or [N]o only, please.
Really rest while Zot is near? [Y]es or [N]o only, please.
Really rest while Zot is near?
You start waiting.
Zot draws nearer.
Dive deeper or flee this branch before you suffer!
Really rest while Zot is near?
You start waiting.
Zot has nearly found you.
Suffering is approaching.
Descend or flee this branch!
You open the door.
There is an open door here.
As you open the large door, it creaks loudly!
There is a large open door here.
An endoplasm comes into view.
Zot's power touches on you...
You feel drained.
You hit the endoplasm. You burn the endoplasm.
You kill the endoplasm!
There is a large open door here.
There is an open door here.
There is an open door here.
There is a staircase leading out of the dungeon here.
Are you sure you want to leave the Dungeon?
This will make you lose the game!
You have escaped!

* ,,
#.########.#*
, * ,
#..........#
* ,
#≈.≈#''##..#
,, , ,
#≈8≈#...# #,
,, *
#≈≈≈#.♣.# , *
, *,
#####...# , ,
, #####'##
*** ,*,
#..#...# , ,
,, #.@'.### ,
, ######* * *
, , * , ,, ,,
, , * ** , ,
, * ,* ** * *
* , *


There were no monsters in sight!

Vanquished Creatures
  An endoplasm (D:1)
1 creature vanquished.

Notes
Turn   | Place    | Note
-------+----------+-------------------------------------------
     0 | D:1      | Leeroy the Meteoran Cinder Acolyte began the quest for the
                  | Orb.
     0 | D:1      | Reached XP level 1. HP: 19/19 MP: 3/3
   500 | D:1      | Glimpsed the power of Zot.
   550 | D:1      | Glimpsed the power of Zot.
   590 | D:1      | Glimpsed the power of Zot.
   599 | D:1      | Touched by the power of Zot.
   614 | D:$      | Got out of the dungeon alive.

Illustrated notes

Levels and vault maps discovered:
D:1:      sevenhm_arrival_forest_fort_small_3, layout_basic

Action                   || total
-------------------------++-------
Melee: Falchion          ||     1

Table legend: (Time is in decaauts)
 A = Elapsed time spent in this place.
 B = Non-inter-level travel time spent in this place.
 C = Inter-level travel time spent in this place.
 D = Time resting spent in this place.
 E = Time spent auto-exploring this place.
 F = Levels seen in this place.
 G = Mean time per level.
                   A        B        C        D        E       F      G
               +--------+--------+--------+--------+--------+-----+--------+
         Total |    614 |    614 |      0 |    587 |      0 |   1 |  614.0 |
       Dungeon |    614 |    614 |      0 |    587 |      0 |   1 |  614.0 |
               +--------+--------+--------+--------+--------+-----+--------+

Top non-repeatable levels by time:
     D:1: 614 daAuts
